 Dungeon Crawl Stone Soup version 0.31-a0-765-g67fe2935dc (webtiles) character file.

Game seed: 17777100496364069329

56148 Maratek the Severer (level 14, -8/135 HPs)
             Began as a Minotaur Fighter on Sept 15, 2023.
             Was the Champion of Makhleb.
             Engulfed by a fire crab's flame (19 damage)
             ... on level 11 of the Dungeon.
             The game lasted 00:35:21 (13851 turns).

Maratek the Severer (Minotaur Fighter)             Turns: 13851, Time: 00:35:22

Health: -8/135     AC: 11    Str: 31    XL:     14   Next: 40%
Magic:  14/14      EV: 11    Int:  5    God:    Makhleb [******]
Gold:   991        SH:  7    Dex: 17    Spells: 13/13 levels left

rFire   . . .        p - +5 broad axe "Ofut" {freeze, Fragile rElec rPois SInv}
rCold   . . .        c - +0 buckler
rNeg    . . .        y - +2 plate armour
rPois   +            (helmet restricted)
rElec   +            u - +0 cloak
rCorr   .            z - +2 pair of gloves
SInv    +            v - +2 pair of boots
Will    +....        w - amulet of regeneration Stlth
                     h - +6 ring of strength
HPRegen 1.22/turn    l - +6 ring of dexterity
MPRegen 0.14/turn

%: no passive effects
@: corroded
A: horns 2, retaliatory headbutt
a: Renounce Religion, Minor Destruction, Lesser Servant of Makhleb, Major
Destruction, Greater Servant of Makhleb


You were on level 11 of the Dungeon.
You worshipped Makhleb.
Makhleb was exalted by your worship.
You visited 2 branches of the dungeon, and saw 16 of its levels.

You collected 991 gold pieces.

Inventory:

Hand Weapons
 p - the +5 broad axe "Ofut" (weapon) {freeze, Fragile rElec rPois SInv}
   (You acquired it on level 3 of the Lair of Beasts)

   rElec:     It insulates you from electricity.
   rPois:     It protects you from poison SInv: It lets you see invisible.
   Fragile:   It will be destroyed if unequipped.
Missiles
 t - 6 throwing nets
Armour
 c - a +0 buckler (worn)
 u - a +0 cloak (worn)
 v - a +2 pair of boots (worn)
 y - a +2 plate armour (worn)
 z - a +2 pair of gloves (worn)
Jewellery
 h - a +6 ring of strength (left hand)
 l - a +6 ring of dexterity (right hand)
 w - an amulet of regeneration (around neck)
Wands
 b - a wand of light (1)
 d - a wand of polymorph (7)
 i - a wand of digging (10)
 D - a wand of charming (14)
 F - a wand of flame (43)
 I - a wand of mindburst (6)
Scrolls
 a - a scroll of torment
 e - a scroll of fog
 f - 2 scrolls of vulnerability
 A - a scroll of brand weapon
 B - 2 scrolls of amnesia
 C - a scroll of teleportation
Potions
 g - a potion of mutation {unknown}
 j - 6 potions of attraction
 m - a potion of berserk rage {unknown}
 n - a potion of haste {unknown}
 o - a potion of brilliance {unknown}
 q - 2 potions of degeneration
 r - a potion of ambrosia {unknown}
 s - 4 potions of enlightenment
 x - a potion of lignification {unknown}
 E - a potion of magic {unknown}
 L - 2 potions of invisibility {unknown}


   Skills:
 + Level 15.3 Fighting
 + Level 19.3 Axes
 + Level 14.2 Armour
 + Level 4.8 Dodging
 + Level 2.2 Stealth
 + Level 10.3 Shields
 + Level 1.2 Unarmed Combat
 + Level 1.5 Invocations
 + Level 0.6 Evocations


You had 13 spell levels left.
You didn't know any spells.
Your spell library contained the following spells:

 Spells                   Type           Power      Damage    Failure   Level
 Apportation              Tloc           0%         N/A       97%         1
 Foxfire                  Conj/Fire      0%         2x1d4     97%         1
 Magic Dart               Conj           0%         1d3       97%         1
 Ensorcelled Hibernation  Hex/Ice        0%         N/A       99%         2
 Jinxbite                 Hex            0%         N/A       99%         2
 Passwall                 Tmut/Erth      0%         N/A       99%         2
 Wereblood                Tmut           0%         N/A       99%         2
 Call Canine Familiar     Summ           0%         N/A       100%        3
 Ignite Poison            Fire/Tmut/Pois 0%         N/A       100%        3
 Sigil of Binding         Hex            0%         N/A       100%        3
 Swiftness                Air            0%         N/A       100%        3
 Tukima's Dance           Hex            0%         N/A       100%        3
 Volatile Blastmotes      Fire/Tloc      0%         2d10      100%        3
 Anguish                  Hex/Necr       0%         N/A       100%        4
 Cause Fear               Hex            0%         N/A       100%        4
 Dimensional Bullseye     Hex/Tloc       0%         N/A       100%        4
 Fulminant Prism          Conj/Hex       0%         3d5       100%        4
 Iskenderun's Mystic Bla  Conj/Tloc      0%         2d3       100%        4
 Leda's Liquefaction      Hex/Erth       0%         N/A       100%        4
 Passage of Golubria      Tloc           0%         N/A       100%        4
 Vhi's Electric Charge    Tloc/Air       0%         N/A       100%        4
 Alistair's Intoxication  Tmut/Pois      0%         N/A       100%        5
 Fireball                 Conj/Fire      0%         3d3       100%        5
 Iskenderun's Battlesphe  Conj           0%         2d6       100%        5
 Yara's Violent Unravell  Hex/Tmut       0%         3d3       100%        5
 Conjure Ball Lightning   Conj/Air       0%         3x3d6     100%        6
 Leda's Unmaking          Conj/Erth      0%         9d1       100%        6
 Plasma Beam              Fire/Air       0%         2x1d10    100%        6
 Starburst                Conj/Fire      0%         6d3       100%        6
 Enfeeble                 Hex            0%         N/A       100%        7
 Spellforged Servitor     Conj/Summ      0%         N/A       100%        7


Dungeon Overview and Level Annotations

Branches:
Dungeon (11/15)            Temple (0/1) D:5            Lair (5/5) D:11
  Swamp (0/4) Lair:2       Spider (0/4) Lair:2        Slime (0/5) Lair:5
    Orc (0/2) D:11

Altars:
Cheibriados
Gozag
Makhleb
Okawaru
Qazlal
Ru
Xom
Yredelemnul

Shops:
D:8 *   D:10 [

Portals:
Trove: D:11 (give 7 potions of haste)

Annotations:
Lair:1 3 runed translucent doors, makewrite's ghost, journeyman MiHu
Lair:4 Kirke
Lair:5 exclusion: obsidian statue


Innate Abilities, Weirdness & Mutations

You have a pair of horns on your head.
You reflexively headbutt those who attack you in melee.


Message History

You are engulfed in blazing flames.
You slash the entropy weaver! You freeze the entropy weaver.
The entropy weaver is moderately wounded.
The entropy weaver gestures at you while chanting.
The entropic weave corrodes you!
You miss the entropy weaver.
The entropy weaver is moderately wounded.
The entropy weaver hits you.
You block the entropy weaver's attack. x2
The entropy weaver hits you but does no damage.
You slice the entropy weaver!! You freeze the entropy weaver!
You headbutt the entropy weaver, but do no damage.
The entropy weaver is severely wounded.
The entropy weaver hits you! The entropy weaver closely misses you.
You block the entropy weaver's attack. The entropy weaver hits you!
You closely miss the entropy weaver.
Your headbutt misses the entropy weaver.
The entropy weaver is severely wounded.
The entropy weaver gestures at you while chanting.
The entropic weave corrodes you!
You slice the entropy weaver!! You freeze the entropy weaver.
The entropy weaver is almost dead.
You slice the entropy weaver!! You freeze the entropy weaver.
You kill the entropy weaver!
Makhleb accepts your kill. The fire crab breathes flames at you.
The blast of flame engulfs you but does no damage.
You are engulfed in blazing flames.
* * * LOW HITPOINT WARNING * * *
The fire crab bites you!
* * * LOW HITPOINT WARNING * * *
You are engulfed in flames!
* * * LOW HITPOINT WARNING * * *
The fire crab barely misses you.
You see here a fire crab corpse.
It was a potion of curing.
You feel better.
You are engulfed in blazing flames.
* * * LOW HITPOINT WARNING * * *
You block the fire crab's attack.
The fire crab claws you but does no damage.
You feel better.
You are engulfed in blazing flames.
You die...

#.# #°#
#°# #°#
#°# #°#
#°#
#°########
#.@t.÷....
##########


You could see a fire crab.

Vanquished Creatures
  An eleionoma (Lair:2)
  5 dire elephants (Lair:5)
  Snorg (Lair:4)
  An entropy weaver (D:11)
  A vault guard (D:11)
  Harold (D:9)
  3 hydras
  A rakshasa (D:11)
  3 catoblepae
  2 death yaks (Lair:5)
  3 two-headed ogres (D:11)
  A death knight (D:11)
  3 fire crabs
  2 spectral death yaks (Lair:5)
  5 skysharks
  A spectral anaconda (Lair:5)
  An ugly thing (D:10)
  4 necromancers (Lair:5)
  A cyclops (D:11)
  5 elephants (Lair:5)
  2 black mambas
  Joseph (D:8)
  2 unseen horrors (D:11)
  17 cane toads
  Maggie (D:7)
  3 rime drakes
  14 komodo dragons
  A troll (D:11)
  3 polar bears
  15 blink frogs
  A shadow (D:10)
  2 jumping spiders (Lair:2)
  6 slime creatures (D:10)
  A hog (Lair:4)
  3 wraiths
  5 wyverns
  6 basilisks
  36 yaks
  Grum (Lair:1)
  A steam dragon (D:10)
  3 wargs (D:11)
  A spectral cane toad (Lair:5)
  12 water moccasins
  An ice beast (D:8)
  3 sky beasts
  An elephant zombie (Lair:5)
  4 orc warriors
  5 ogres
  An elephant skeleton (Lair:5)
  13 wolves
  5 centaurs
  A phantom (D:3)
  4 kobold brigands
  11 bullfrogs
  3 scorpions (D:5)
  2 cane toad simulacra (Lair:5)
  A necrophage (D:4)
  7 wights (D:7)
  8 killer bees (D:8)
  2 electric eels
  6 howler monkeys
  4 hounds
  5 jellies
  2 gnoll boudas (D:9)
  5 orc priests
  5 iguanas
  7 orc wizards
  A hound skeleton (D:4)
  14 gnolls
  11 adders
  2 ufetubi
  A worm (D:2)
  3 dart slugs
  44 orcs
  4 bats
  4 endoplasms
  5 giant cockroaches
  7 goblins
  7 hobgoblins
  6 jackals (D:3)
  16 kobolds
  2 quokkas
  8 ball pythons
  2 frilled lizards (D:1)
  10 rats
435 creatures vanquished.

Vanquished Creatures (collateral kills)
  A yak (Lair:3)
1 creature vanquished.

Grand Total: 436 creatures vanquished

Notes
Turn   | Place    | Note
-------+----------+-------------------------------------------
     0 | D:1      | Maratek the Minotaur Fighter began the quest for the Orb.
     0 | D:1      | Reached XP level 1. HP: 19/19 MP: 0/0
   102 | D:1      | Reached XP level 2. HP: 26/26 MP: 1/1
   546 | D:2      | Found a stormy altar of Qazlal.
   550 | D:2      | Reached XP level 3. HP: 32/33 MP: 2/2
   608 | D:2      | Reached skill level 3 in Axes
  1049 | D:2      | Reached XP level 4. HP: 40/40 MP: 3/3
  1068 | D:2      | Reached skill level 4 in Axes
  1068 | D:2      | Reached skill level 1 in Dodging
  1378 | D:3      | Noticed a phantom
  1386 | D:3      | Killed a phantom
  1387 | D:3      | Reached XP level 5. HP: 41/47 MP: 4/4
  1652 | D:3      | Reached skill level 5 in Axes
  1665 | D:3      | Reached skill level 5 in Armour
  1670 | D:3      | Reached XP level 6. HP: 39/53 MP: 5/5
  2040 | D:3      | Found an iron altar of Okawaru.
  2228 | D:4      | Found a burning altar of Makhleb.
  2240 | D:4      | Became a worshipper of Makhleb the Destroyer
  2276 | D:4      | Reached skill level 6 in Axes
  2487 | D:4      | Reached skill level 5 in Fighting
  2487 | D:4      | Reached XP level 7. HP: 21/61 MP: 6/6
  2816 | D:5      | Entered Level 5 of the Dungeon
  3217 | D:5      | Reached skill level 7 in Axes
  3303 | D:5      | Reached skill level 5 in Shields
  3458 | D:5      | Reached XP level 8. HP: 70/70 MP: 7/7
  3493 | D:5      | Reached * piety under Makhleb
  3541 | D:5      | Found a sacrificial altar of Ru.
  3709 | D:5      | Found a staircase to the Ecumenical Temple.
  3752 | D:5      | Found a shimmering altar of Xom.
  4311 | D:6      | Reached skill level 8 in Axes
  4366 | D:6      | Reached skill level 1 in Stealth
  4846 | D:7      | Found a basalt altar of Yredelemnul.
  4888 | D:7      | Reached skill level 9 in Axes
  4895 | D:7      | Reached XP level 9. HP: 78/78 MP: 8/8
  4925 | D:7      | Found a snail-covered altar of Cheibriados.
  4999 | D:7      | Noticed Maggie
  5001 | D:7      | Reached ** piety under Makhleb
  5012 | D:7      | Killed Maggie
  5013 | D:7      | Reached skill level 10 in Axes
  5181 | D:7      | Reached skill level 11 in Axes
  5190 | D:7      | Identified the +7 mace "Diob" {venom, *Slow rElec rF+
                  | Str+6}
  5452 | D:8      | Noticed Joseph
  5482 | D:8      | Killed Joseph
  5483 | D:8      | Reached skill level 12 in Axes
  5483 | D:8      | Reached XP level 10. HP: 80/86 MP: 9/9
  5502 | D:8      | Reached *** piety under Makhleb
  5591 | D:8      | You fall into a shaft and drop 2 floors!
  5591 | D:10     | Entered Level 10 of the Dungeon
  5647 | D:9      | Noticed a death knight
  5827 | D:9      | Noticed Harold
  5835 | D:9      | Killed Harold
  5936 | D:8      | Found Helam's Neck Hole.
  6201 | D:9      | Reached skill level 13 in Axes
  6277 | D:9      | Reached skill level 1 in Invocations
  6458 | D:9      | HP: 4/90 [wraith[a death knight] (7)]
  6770 | D:10     | Reached **** piety under Makhleb
  6832 | D:10     | Found an opulent altar of Gozag.
  6860 | D:10     | Reached XP level 11. HP: 94/97 MP: 10/10
  6931 | D:10     | Reached skill level 14 in Axes
  6983 | D:10     | Noticed a green ugly thing
  6993 | D:10     | Killed a green ugly thing
  7302 | D:10     | Found Rusch's Armour Emporium.
  7428 | D:11     | Found a runed translucent door.
  7435 | D:11     | Noticed a fire crab
  7457 | D:11     | Noticed a death knight
  7459 | D:11     | Noticed a rakshasa
  7589 | D:11     | Noticed a two-headed ogre
  7599 | D:11     | Killed a two-headed ogre
  7642 | D:11     | Found a staircase to the Lair.
  7647 | D:11     | Reached skill level 10 in Armour
  7745 | D:11     | Reached skill level 10 in Fighting
  7903 | Lair:1   | Entered Level 1 of the Lair of Beasts
  7963 | Lair:1   | Found a runed translucent gate.
  7963 | Lair:1   | Found a runed translucent gate.
  7971 | Lair:1   | Reached skill level 15 in Axes
  8069 | Lair:1   | Noticed makewrite's ghost (journeyman MiHu)
  8310 | Lair:1   | Noticed a catoblepas
  8339 | Lair:1   | Killed a catoblepas
  8518 | Lair:1   | Noticed Grum
  8525 | Lair:1   | Killed Grum
  8525 | Lair:1   | Reached ***** piety under Makhleb
  8530 | Lair:1   | Reached skill level 16 in Axes
  8652 | Lair:1   | Found a runed translucent gate.
  8881 | Lair:2   | Reached XP level 12. HP: 106/110 MP: 11/11
  8980 | Lair:2   | Noticed a six-headed hydra
  8994 | Lair:2   | Killed a 15-headed hydra
  9000 | Lair:2   | Noticed a catoblepas
  9025 | Lair:2   | Noticed an eight-headed hydra
  9338 | Lair:2   | Reached skill level 17 in Axes
  9449 | Lair:2   | Found a hole to the Spider Nest.
  9466 | Lair:2   | Killed a catoblepas
  9667 | Lair:2   | Noticed an eleionoma
  9674 | Lair:2   | Killed an eleionoma
  9675 | Lair:2   | Found a staircase to the Swamp.
 10370 | Lair:3   | Reached XP level 13. HP: 119/119 MP: 12/12
 10917 | Lair:4   | Noticed Snorg
 11169 | Lair:4   | Noticed Kirke
 11191 | Lair:4   | HP: 5/119 [poisoned by a cane toad]
 11222 | Lair:4   | Reached skill level 18 in Axes
 11562 | Lair:4   | Noticed a sphinx
 11579 | Lair:3   | Identified a scroll of acquirement
 11579 | Lair:3   | Acquired the +5 broad axe "Ofut" {freeze, Fragile rElec
                  | rPois SInv}
 11624 | Lair:4   | Killed Snorg
 11870 | Lair:5   | Entered Level 5 of the Lair of Beasts
 11905 | Lair:5   | Reached skill level 1 in Unarmed Combat
 12042 | Lair:5   | Noticed a dire elephant
 12042 | Lair:5   | Noticed a dire elephant
 12042 | Lair:5   | Noticed a dire elephant
 12044 | Lair:5   | Noticed a dire elephant
 12044 | Lair:5   | Noticed a dire elephant
 12057 | Lair:5   | Killed a dire elephant
 12469 | Lair:5   | Reached skill level 10 in Shields
 12472 | Lair:5   | Reached ****** piety under Makhleb
 12484 | Lair:5   | Got the Essays on the Atmospheric Switch
 12569 | Lair:5   | Killed a dire elephant
 12573 | Lair:5   | Killed a dire elephant
 12574 | Lair:5   | Reached XP level 14. HP: 132/133 MP: 14/14
 12612 | Lair:5   | Got the Anthology of Tropical Damage
 12747 | Lair:5   | Reached skill level 19 in Axes
 12748 | Lair:5   | Found a staircase to the Slime Pits.
 13473 | D:11     | Found a portal to a secret trove of treasure.
 13479 | D:11     | Reached skill level 15 in Fighting
 13655 | D:11     | Found a staircase to the Orcish Mines.
 13850 | D:11     | HP: 3/135 [fire crab] (20)]
 13851 | D:11     | Engulfed by a fire crab's flame

Illustrated notes

Levels and vault maps discovered:
D:1:      amcnicky_arrival_flooded_fountain, layout_rooms
D:2:      layout_basic, basic_altar
D:3:      layout_loops_ring, mainiacjoe_overflow_alcove_1
D:4:      layout_basic, makhleb_blood_cavern_becter
D:5:      minmay_general_purpose_star, layout_loops_corners,
          mainiacjoe_overflow_paths, mainiacjoe_overflow_24_doors,
          minmay_temple_entry_fiery, chequers_serial_rivers_micro_a
D:6:      layout_loops_ring, minmay_crystal_room
D:7:      layout_cave_pools, yredelemnul_altar_generic, lemuel_round_altar,
          chequers_hall_statues_corner_a, uniq_maggie
D:8:      layout_rooms, nicolae_shop_sticking_my_neck_out, uniq_joseph
D:9:      minmay_inner_zag, layout_stronghold, st_stairs_9, uniq_harold
D:10:     layout_loops_ring, mainiacjoe_overflow_alcove_4, serial_shops,
          nicolae_shop_behind_doors
D:11:     gammafunk_mikee_crab_dinner, layout_loops_cross, david_lair_shrubbed,
          minmay_orc_entry_guard_dogs, enter_trove_5
Lair:1:   layout_regular_city, gammafunk_ghost_icy,
          chequers_serial_rivers_room_b, chequers_serial_rivers_marsh, uniq_grum
Lair:2:   nzn_winding_woodlands_three_and_one
          [nzn_winding_woodlands_5x15_pathside_ponds,
          nzn_winding_woodlands_5x15_river_crossing,
          nzn_winding_woodlands_5x15_garden,
          nzn_winding_woodlands_center_garden], layout_long_grid,
          alex1729_swamp_entry_worm_eleionoma, spider_nest_entry_funnel_web,
          serial_rivers, chequers_serial_rivers_large_b,
          chequers_serial_rivers_marsh, chequers_serial_rivers_room_a,
          chequers_serial_rivers_small_3
Lair:3:   layout_chaotic_city
Lair:4:   layout_loops_ring, beast_lair_carwin_2, infiniplex_staircase_pool_2,
          uniq_kirke, uniq_snorg
Lair:5:   due_jungle_book, layout_layer_cave, nicolae_slime_entry_field_trip,
          kennysheep_basilisk_garden, serial_bayou_shore_a

Skill      XL: |  1  2  3  4  5  6  7  8  9 10 11 12 13 14 |
---------------+-------------------------------------------+-----
Armour         | 4 5 6 8 9 10 12 13 14 | 14.2
Fighting       | 4 5 6 7 9 11 12 14 15 | 15.3
Axes           | 3 4 5 6 7 9 12 13 16 17 18 19 | 19.3
Shields        | 4 5 6 7 8 9 10 | 10.3
Dodging        | 1 2 3 4 |  4.8
Stealth        | 1 2 |  2.2
Invocations    | 1 |  1.5
Unarmed Combat | 1 |  1.2
Evocations     | |  0.6

Action                     |  1- 3 |  4- 6 |  7- 9 | 10-12 | 13-15 || total
---------------------------+-------+-------+-------+-------+-------++-------
  Melee: War axe           |    90 |   125 |   175 |       |       ||   390
         Headbutt          |     7 |    14 |    31 |    92 |   104 ||   248
         Broad axe         |       |       |    52 |   458 |   362 ||   872
         Unarmed           |       |       |       |       |    12 ||    12
 Invoke: Minor Destruction |       |       |       |     1 |       ||     1
         Lesser Servant of |       |       |       |       |     1 ||     1
  Evoke: Wand              |       |       |       |     2 |     2 ||     4
    Use: Scroll            |       |       |     9 |    18 |     7 ||    34
         Potion            |       |       |     1 |     4 |     5 ||    10
   Stab: Distracted        |       |       |       |       |     1 ||     1
 Armour: Scale mail        |    74 |    86 |    53 |       |       ||   213
         Plate armour      |       |       |   162 |   482 |   282 ||   926
         Skin              |       |       |       |       |    18 ||    18
  Dodge: Dodged            |    35 |    47 |   116 |   168 |   140 ||   506
  Block: Buckler           |    22 |    17 |    66 |   140 |    82 ||   327

Table legend: (Time is in decaauts)
 A = Elapsed time spent in this place.
 B = Non-inter-level travel time spent in this place.
 C = Inter-level travel time spent in this place.
 D = Time resting spent in this place.
 E = Time spent auto-exploring this place.
 F = Levels seen in this place.
 G = Mean time per level.
                   A        B        C        D        E       F      G
               +--------+--------+--------+--------+--------+-----+--------+
         Total |  13865 |  13359 |    506 |    641 |   9562 |  16 |  866.6 |
       Dungeon |   8574 |   8364 |    210 |    432 |   6002 |  11 |  779.5 |
          Lair |   5291 |   4995 |    296 |    209 |   3560 |   5 | 1058.2 |
               +--------+--------+--------+--------+--------+-----+--------+

Top non-repeatable levels by time:
  Lair:2: 1439 daAuts
     D:5: 1406 daAuts
  Lair:5: 1168 daAuts
    D:11: 1090 daAuts
  Lair:1: 1020 daAuts
  Lair:4: 1016 daAuts
     D:3: 876 daAuts
     D:9: 818 daAuts
     D:2: 742 daAuts
    D:10: 720 daAuts
     D:4: 702 daAuts
  Lair:3: 646 daAuts
     D:6: 641 daAuts
     D:1: 564 daAuts
     D:7: 518 daAuts
